 Dungeon Crawl Stone Soup version 0.28.0-45-g0d030f2227 (webtiles) character file.

Game seed: 2640057399263603750

153 Descartes the Grasshopper (level 5, -3/31 HPs)
             Began as an Octopode Wanderer on Apr 13, 2022.
             Killed by divine providence
             ... invoked by an orc priest
              (13 damage)
             ... on level 4 of the Dungeon.
             The game lasted 00:05:08 (3253 turns).

Descartes the Grasshopper (Octopode Wanderer)       Turns: 3253, Time: 00:05:09

Health: -3/31      AC:  1    Str: 10    XL:     5   Next: 35%
Magic:  6/6        EV: 14    Int: 20    God:
Gold:   155        SH:  0    Dex: 11    Spells: 3/6 levels left

rFire   . . .      SeeInvis .   u - +6 broad axe of Uruiladd {protect, Str+2}
rCold   . . .      Faith    .   (no shield)
rNeg    . . .      Spirit   .   b - +0 hat
rPois   .          Reflect  .   (no amulet)
rElec   .          Harm     .   (no ring)
rCorr   .          Rampage  .   (no ring)
Will    .....                   (no ring)
Stlth   +++.......              (no ring)
HPRegen 0.10/turn               (no ring)
MPRegen 0.10/turn               (no ring)
                                (no ring)
                                (no ring)

@: no status effects
A: almost no armour, amphibious, 8 rings, camouflage 1, gelatinous body 1,
(nimble swimmer 1), tentacles
a: no special abilities


You were on level 4 of the Dungeon.
You visited 1 branch of the dungeon, and saw 4 of its levels.

You collected 155 gold pieces.

Inventory:

Hand Weapons
 a - a +0 shortbow
 h - a +3 dagger
 i - a +2 hand axe of electrocution
 t - a +0 dagger of venom
 u - the +6 broad axe of Uruiladd (weapon) {protect, Str+2}
   (You took it off a kobold on level 3 of the Dungeon)

   It grants its wielder temporary protection when it strikes (+7 to AC).
   Str:       It affects your strength (+2).
Missiles
 c - 121 stones
 f - 54 bolts
 k - 2 poisoned darts
 r - 2 boomerangs
 s - 19 arrows
Armour
 b - a +0 hat (worn)
Scrolls
 g - a scroll of fog {unknown}
 m - a scroll of teleportation {unknown}
 n - a scroll of identify {unknown}
 o - a scroll of enchant weapon {unknown}
 p - a scroll of brand weapon {unknown}
 w - a scroll of silence {unknown}
Potions
 d - 2 potions of curing {unknown}
 e - a potion of lignification {unknown}
 j - 2 potions of flight {unknown}
 l - 3 potions of haste {unknown}
 q - a potion of brilliance {unknown}
 v - a potion of ambrosia {unknown}


   Skills:
 - Level 1.0 Throwing
 + Level 3.7 Dodging
 - Level 2.6 Stealth
 - Level 1.0 Spellcasting
 + Level 1.4 Conjurations
 - Level 2.0 Necromancy
 - Level 4.0 Translocations
 + Level 2.2 Air Magic


You had 3 spell levels left.
You knew the following spells:

 Your Spells              Type           Power      Damage    Failure   Level
a - Apportation           Tloc           34%        N/A       3%          1
b - Static Discharge      Conj/Air       8%         N/A       12%         2

Your spell library contained the following spells:

 Spells                   Type           Power      Damage    Failure   Level
 Corpse Rot               Necr/Air       18%        N/A       11%         2
 Sublimation of Blood     Necr           9%         N/A       12%         2
 Passage of Golubria      Tloc           17%        N/A       32%         4
 Iskenderun's Mystic Bla  Conj/Tloc      11%        2d4       50%         4
 Lightning Bolt           Conj/Air       4%         1d15      92%         5
 Maxwell's Capacitive Co  Air            5%         ∞         100%        8


Dungeon Overview and Level Annotations

Branches:
Dungeon (4/15)
 Temple: D:4-7

Altars:


Innate Abilities, Weirdness & Mutations

You cannot wear most types of armour.
You are amphibious.
You can wear up to eight rings at the same time.
Your skin changes colour to match your surroundings (Stealth+).
Your rubbery body absorbs attacks. (AC +1, EV +1)
((You are camouflaged when in or above water. (Stealth+)))
You have tentacles for arms and can constrict up to eight enemies at once.


Message History

The adder misses you. x2
You slash the adder!
Your weapon exudes an aura of protection.
You kill the adder!
No target in view!
No target in view!
No target in view!
No target in view!
No target in view!
No target in view!
No target in view!
No target in view!
No target in view!
There is an escape hatch in the floor here.
w - a scroll labelled VOTWEA CYWKA
c - 121 stones (gained 22)
Found a stone staircase leading down. 2 gnolls come into view.
A gnoll comes into view. It is wielding a +0 halberd.
The gnoll shouts!
You hear a shout!
An orc comes into view. It is wielding a +0 mace.
An orc comes into view. It is wielding a +0 short sword.
An orc priest and a gnoll come into view.
An orc comes into view. It is wielding a +0 short sword.
An orc priest comes into view. It is wielding a +0 flail.
Found a pair of boots.
The gnoll shouts! x3; The orc priest shouts!
Found a scroll labelled ALET INEOSO.
The orc misses you.
The gnoll hits you from afar with a +0 halberd!
You barely miss the orc.
The orc shouts!
The orc priest shouts!
You grab the orc. You squeeze the orc, but do no damage. You constrict the orc.
The orc barely misses you.
The gnoll hits you from afar with a +0 halberd!
The orc struggles to escape constriction.
The gnoll barely misses you.
You release your grip on the orc.
The orc priest invokes the aid of Beogh against you.
Beogh smites you!
You die...

...# #......#
...####......####
...............>#
...#########.##.#
..........##..#.#
..........###.#.#
..........# #...#
# .......####
##..##+##.#+#
.......#
#..@........
########
##..........
#..goog....
#..#og.g..#
#..#.oo...#
#.........#
#.#.?.....# #[
.......# ..
......#


You could see 2 orc priests, 4 gnolls and 3 orcs.

Vanquished Creatures
  Jessica (D:3)
  Terence (D:3)
  3 adders
  A worm (D:2)
  3 dart slugs
  An orc (D:2)
  2 bats (D:2)
  7 endoplasms
  5 giant cockroaches
  3 goblins
  4 hobgoblins
  3 jackals (D:3)
  6 kobolds
  2 quokkas
  7 ball pythons
  10 frilled lizards
  7 rats
66 creatures vanquished.

Notes
Turn   | Place    | Note
-------+----------+-------------------------------------------
     0 | D:1      | Descartes the Octopode Wanderer began the quest for the
                  | Orb.
     0 | D:1      | Descartes set off with the following items: a +0 dagger, a
                  | +0 hat; and the following spell memorised: Apportation; and
                  | the following spells available to memorise: Sublimation of
                  | Blood, Corpse Rot, Passage of Golubria, Iskenderun's Mystic
                  | Blast
     0 | D:1      | Reached XP level 1. HP: 11/11 MP: 2/2
   218 | D:1      | Reached skill level 1 in Dodging
   229 | D:1      | Reached XP level 2. HP: 10/17 MP: 3/3
   553 | D:1      | Found a faded altar of an unknown god.
   734 | D:1      | Reached XP level 3. HP: 21/21 MP: 4/4
  1036 | D:2      | Reached skill level 1 in Air Magic
  1363 | D:2      | Reached XP level 4. HP: 27/27 MP: 5/5
  1806 | D:3      | Learned a level 2 spell: Static Discharge
  2259 | D:3      | Noticed Jessica
  2267 | D:3      | Killed Jessica
  2296 | D:3      | Identified the +6 broad axe of Uruiladd {protect, Str+2}
  2575 | D:3      | Reached skill level 1 in Conjurations
  2698 | D:3      | Noticed Terence
  2708 | D:3      | Killed Terence
  2709 | D:3      | Reached XP level 5. HP: 31/31 MP: 6/6
  3253 | D:4      | Killed from afar by an orc priest

Illustrated notes

Levels and vault maps discovered:
D:1:      ebering_trefoil_3fold, layout_rooms,
          shapermc_ecumenical_altar_notcrosses, serial_bayou_ford_a,
          minmay_lizard_pond
D:2:      layout_rooms, minmay_misc_feat_room
D:3:      layout_loops_ring, grunt_decor_arrowhead, uniq_terence, uniq_jessica
D:4:      layout_basic, uniq_grinder

Skill      XL: |  1  2  3  4 |
---------------+-------------+-----
Dodging        | 1 2 3 |  3.7
Air Magic      | 1 2 |  2.2
Conjurations   | 1 |  1.4
Throwing       | |  1.0
Stealth        | |  2.6
Spellcasting   | |  1.0
Necromancy     | |  2.0
Translocations | |  4.0

Action                   |  1- 3 |  4- 6 || total
-------------------------+-------+-------++-------
Melee: Dagger            |    36 |       ||    36
       Constrict         |    12 |    14 ||    26
       Tentacles         |     5 |     7 ||    12
       Hand axe          |    33 |    33 ||    66
       Punch             |     1 |     2 ||     3
       Broad axe         |       |    23 ||    23
 Stab: Sleeping          |    14 |     7 ||    21
       Distracted        |     1 |       ||     1
Armor: Skin              |     3 |    11 ||    14
Dodge: Dodged            |    27 |    36 ||    63
